 Dungeon Crawl Stone Soup version 0.31-a0-232-gb1c03b2570 (webtiles) character file.

Game seed: 13986844781386331866

166 qw the Shooter (level 5, 0/30 HPs)
             Began as a Gargoyle Hexslinger on July 7, 2023.
             Slain by a hound (2 damage)
             ... on level 4 of the Dungeon.
             The game lasted 00:00:44 (1749 turns).

qw the Shooter (Gargoyle Hexslinger)                Turns: 1749, Time: 00:00:45

Health: 0/30       AC: 10    Str: 12    XL:     5   Next: 47%
Magic:  6/6        EV: 10    Int: 13    God:
Gold:   64         SH:  0    Dex: 11    Spells: 5/6 levels left

rFire   . . .        Y - +3 sling
rCold   . . .        (no shield)
rNeg    + . .        c - +1 ring mail "Elehiwa" {Will+++ Dex-3 Stlth-}
rPois   inf          (no helmet)
rElec   +            (no cloak)
rCorr   .            (no gloves)
SInv    .            (no boots)
Will    +++..        (no amulet) Stlth
                     (no ring)
HPRegen 0.25/turn    (no ring)
MPRegen 0.10/turn

%: no passive effects
@: no status effects
A: sickness immunity, AC +4, negative energy resistance 1, electricity
resistance, torment resistance 1, petrification resistance
a: no special abilities


You were on level 4 of the Dungeon.
You visited 1 branch of the dungeon, and saw 5 of its levels.

You collected 84 gold pieces.
You spent 20 gold pieces at shops.


Innate Abilities, Weirdness & Mutations

You are immune to sickness and miasma.
Your stone body is resilient. (AC +4)
You are immune to poison.
You resist negative energy. (rN+)
You are resistant to electric shocks. (rElec)
You are resistant to unholy torment.
You are immune to petrification.


   Skills:
 - Level 2.0 Fighting
 + Level 4.9 Ranged Weapons
 - Level 1.8 Armour
 - Level 1.5 Dodging
 - Level 1.0 Spellcasting
 - Level 2.6 Hexes


You had 5 spell levels left.
You knew the following spells:

 Your Spells              Type           Power      Damage    Failure   Level
a - Slow                  Hex            28%        N/A       21%         1

Your spell library contained the following spells:

 Spells                   Type           Power      Damage    Failure   Level
 Inner Flame              Hex/Fire       4%         N/A       71%         3
 Portal Projectile        Hex/Tloc       8%         N/A       71%         3
 Cause Fear               Hex            3%         N/A       90%         4

Inventory:

Hand Weapons
 Y - a +3 sling (weapon)
Armour
 c - the +1 ring mail "Elehiwa" (worn) {Will+++ Dex-3 Stlth-}
   (You found it on level 2 of the Dungeon)

   Dex:       It affects your dexterity (-3).
   Will:      It greatly increases your willpower.
   Stlth:     It makes you less stealthy.
 h - a +0 leather armour
Scrolls
 d - 3 scrolls of identify
Potions
 a - a potion of haste
 b - a potion of heal wounds
 e - a potion of enlightenment {unknown}
 f - a potion of lignification {unknown}
 g - a potion of ambrosia {unknown}

Dungeon Overview and Level Annotations

Branches:
Dungeon (5/15)
 Temple: D:4-7

Altars:
Kikubaaqudgha

Shops:
D:1 [


Message History

You shoot a sling bullet.
The sling bullet barely misses the orc wizard.
The sling bullet barely misses the ball python.
The hound bites you but does no damage. The orc hits you with a +0 dagger.
The orc hits you but does no damage.
The orc wizard casts a spell.
The orc wizard flickers and vanishes!
Deactivating autopickup; reactivate with Ctrl-A.
The hound barely misses you.
A jackal comes into view.
Something hits you but does no damage. The orc barely misses you.
The orc hits you but does no damage. The jackal barely misses you.
You shoot a sling bullet.
The sling bullet closely misses the hound.
The hound bites you but does no damage.
The jackal bites you but does no damage.
The hound bites you but does no damage. Something hits you but does no damage.
The orc barely misses you. The orc hits you but does no damage.
You shoot a sling bullet.
The sling bullet barely misses the hound.
The jackal bites you but does no damage.
The hound bites you but does no damage. The orc closely misses you.
You hear some strange, mumbled words.
Something tries to affect you, but you resist.
The orc hits you with a +0 club. The jackal barely misses you.
The hound barely misses you.
You shoot a sling bullet.
The sling bullet barely misses the hound.
The jackal misses you. The hound closely misses you.
The orc hits you with a +0 dagger. The orc hits you but does no damage.
Something hits you but does no damage.
The jackal bites you but does no damage.
You shoot a sling bullet. The sling bullet hits the hound.
The hound is moderately wounded.
The orc hits you but does no damage. Something hits you but does no damage.
The orc hits you with a +0 club. The hound bites you but does no damage.
The jackal bites you but does no damage. x3
The orc completely misses you. Something hits you but does no damage.
The orc hits you with a +0 dagger. The hound bites you.
You die...

. ... ...#.......#.. .
..##............. #.
#.....#.#.#.#.#..
#.##..#...^..........
##...................
##....................
...)#.o.......%......#
.....S{@h...........#
...##.ohh.....###.###
...............#.#
..#.#.........#...# #
######..####..# #..#
#..# ##.# #.## #..
#..# #.#. #..####


You could see a hound, 2 orcs, 2 jackals and a ball python.

Vanquished Creatures
  A hound (D:4)
  An iguana (D:5)
  A sleepcap (D:4)
  3 adders (D:2)
  2 worms
  2 dart slugs (D:2)
  2 orcs
  3 endoplasms
  3 giant cockroaches
  2 goblins
  7 hobgoblins
  3 kobolds (D:1)
  3 quokkas (D:1)
  2 ball pythons (D:2)
  2 bats
  4 frilled lizards
  8 rats
49 creatures vanquished.

Notes
Turn   | Place    | Note
-------+----------+-------------------------------------------
     0 | D:1      | qw the Gargoyle Hexslinger began the quest for the Orb.
     0 | D:1      | Reached XP level 1. HP: 12/12 MP: 2/2
     0 | D:1      | 0 ||| qw: Version: 0.3-a-46-gb1f654a
     0 | D:1      | 0 ||| qw: Game counter: 2732
     0 | D:1      | 0 ||| qw: Melee chars always use a shield: true
     0 | D:1      | 0 ||| qw: God list: Okawaru
     0 | D:1      | 0 ||| qw: Allow faded altars: false
     0 | D:1      | 0 ||| qw: Do Orc after clearing Dungeon:15 true
     0 | D:1      | 0 ||| qw: Do second Lair branch before Depths: true
     0 | D:1      | 0 ||| qw: Lair rune preference: random
     0 | D:1      | 0 ||| qw: Goals: Normal
     0 | D:1      | 0 ||| PLANNING D:1-11
    85 | D:1      | Reached XP level 2. HP: 16/16 MP: 3/3
   223 | D:1      | Reached skill level 3 in Ranged Weapons
   245 | D:1      | Found a faded altar of an unknown god.
   329 | D:1      | Found Gidd's Armour Shoppe.
   332 | D:1      | 332 ||| BUYING +0 leather armour (20 gold).
   332 | D:1      | Bought a +0 leather armour for 20 gold pieces
   332 | D:1      | 332 ||| SHOPLISTING +0 pair of boots (45 gold, have 2).
   332 | D:1      | 332 ||| SHOPLISTING +0 ring mail (40 gold, have 2).
   332 | D:1      | 332 ||| SHOPLISTING +2 pair of gloves of hurling (215 gold,
                  | have 2).
   559 | D:1      | 559 ||| UPGRADING to +0 leather armour.
   569 | D:1      | 569 ||| DROPPING +0 robe.
   570 | D:1      | 570 ||| READING scroll labelled OWYGEQYNARPH.
   571 | D:1      | 571 ||| READING scroll labelled QAEJYE SABIH.
   574 | D:1      | 574 ||| READING 2 scrolls labelled SIPTOCIUNIS.
   575 | D:1      | 575 ||| READING scroll of enchant weapon.
   575 | D:1      | 575 ||| ENCHANTING +2 sling.
   576 | D:1      | 576 ||| DROPPING scroll of poison.
   586 | D:2      | Reached XP level 3. HP: 21/21 MP: 4/4
   592 | D:2      | 592 ||| STAIRDANCE
   678 | D:2      | Found an ancient bone altar of Kikubaaqudgha.
   801 | D:2      | HP: 5/21 [frozen (4)]
   822 | D:2      | Reached skill level 4 in Ranged Weapons
   822 | D:2      | Reached XP level 4. HP: 11/26 MP: 5/5
  1009 | D:2      | Identified the +1 ring mail "Elehiwa" {Will+++ Dex-3
                  | Stlth-}
  1360 | D:2      | 1360 ||| UPGRADING to +1 ring mail "Elehiwa" {Will+++ Dex-3
                  | Stlth-}.
  1370 | D:2      | 1370 ||| READING 2 scrolls labelled LEKHUO RAPE.
  1461 | D:3      | You fall into a shaft and drop 2 floors!
  1461 | D:5      | Entered Level 5 of the Dungeon
  1505 | D:5      | HP: 1/26 [iguana (10)]
  1507 | D:5      | Reached skill level 1 in Armour
  1608 | D:5      | 1608 ||| DRINKING 2 dark potions.
  1609 | D:5      | 1609 ||| DRINKING 2 sedimented blue potions.
  1634 | D:4      | Reached XP level 5. HP: 30/30 MP: 6/6
  1749 | D:4      | HP: 4/30 [orc/+0 club (4)]
  1749 | D:4      | Slain by a hound

Levels and vault maps discovered:
D:1:      dpeg_arrival_round_b, layout_basic, serial_shops, nicolae_shop_trees,
          hellmonk_ecumenical_altar_slurped_away, minmay_door_square
D:2:      layout_loops_ring, basic_altar, wander_ebering_terrifying_dragon_lair
D:3:      minmay_goblin_kobold_castle, layout_basic, serial_shops, shop,
          minmay_cupped
D:4:      layout_rooms, zin_purify, minmay_temple_entry_glass,
          gammafunk_ghost_necromancy
D:5:      layout_basic, uniq_eustachio, uniq_menkaure

Skill      XL: |  1  2  3  4 |
---------------+-------------+-----
Ranged Weapons | 3 4 |  4.9
Fighting       | 2 |  2.0
Armour         | 1 |  1.8
Dodging        | |  1.5
Spellcasting   | |  1.0
Hexes          | |  2.6

Action                     |  1- 3 |  4- 6 || total
---------------------------+-------+-------++-------
   Fire: Sling             |   106 |    81 ||   187
    Use: Scroll            |     4 |     1 ||     5
         Potion            |       |     2 ||     2
 Armour: Robe              |     4 |       ||     4
         Leather armour    |    31 |       ||    31
         Ring mail         |       |    31 ||    31
  Dodge: Dodged            |    39 |    27 ||    66

Table legend:
 A = Non-vault XP
 B = Vault XP
 C = Vault XP percentage of total XP
 D = Non-vault monster count
 E = Vault monster count
 F = Vault count percentage of total count
                 A         B        C        D         E       F
            +---------+---------+-------+---------+---------+-------
      Total |     235 |       3 |   1.3 |      47 |       2 |   4.1
            +---------+---------+-------+---------+---------+-------
        D:1 |      36 |       2 |   5.3 |      21 |       1 |   4.5
        D:2 |      71 |       1 |   1.4 |      18 |       1 |   5.3
        D:3 |       5 |       0 |   0.0 |       2 |       0 |   0.0
        D:4 |      83 |       0 |   0.0 |       4 |       0 |   0.0
        D:5 |      40 |       0 |   0.0 |       2 |       0 |   0.0
            +---------+---------+-------+---------+---------+-------
